 Dungeon Sprint DCSS version 0.27-a0-109-g416527ed24 (webtiles) character file.

Game seed: 13674996872023223604

8146 mhtbhm the Black Belt (level 11, -16/92 HPs)
             Began as an Octopode Transmuter on Jan 24, 2021.
             Was a High Priest of Sif Muna.
             Demolished by a tyrant leech (32 damage)
             ... in the Dungeon (Sprint IX: "|||||||||||||||||||||||||||||").
             The game lasted 00:05:35 (3574 turns).

mhtbhm the Black Belt (Octopode Transmuter)         Turns: 3574, Time: 00:05:36

Health: -16/92     AC:  8    Str: 12    XL:     11   Next: 26%
Magic:  22/26      EV: 17    Int: 15    God:    Sif Muna [*****.]
Gold:   11         SH:  0    Dex: 14    Spells: 8/33 levels left

rFire    . . .     SeeInvis .     - Unarmed
rCold    . . .     Faith    .   (shield currently unavailable)
rNeg     + . .     Spirit   .   (helmet currently unavailable)
rPois    +         Reflect  .   (no amulet)
rElec    .         Harm     .   j - +2 ring of evasion
rCorr    .         Rampage  .   k - +2 ring of evasion
Will     .....     NoTele   +   n - ring of positive energy
Stlth    +++++.....             (no ring)
HPRegen  0.25/turn              (no ring)
MPRegen  0.20/turn              (no ring)
                                (no ring)
                                (no ring)

@: hydra-form, wereblooded
A: very large, almost no armour, stealthy swim, amphibious, 8 rings, (constrict
8)
a: End Transformation, Renounce Religion, Channel Magic, Forget Spell, Divine
Exegesis


You were in the Dungeon.
You worshipped Sif Muna.
Sif Muna was extremely pleased with you.
You were a four-headed hydra.
You visited 1 branch You collected 11 gold pieces.

Inventory:

Jewellery
 j - a +2 ring of evasion (left foreclaw)
 k - a +2 ring of evasion (right foreclaw)
 n - a ring of positive energy (on tentacle)
Wands
 i - a wand of acid (1)
Scrolls
 f - 4 scrolls of remove curse
 h - 2 scrolls of amnesia
 o - a scroll of fog
 p - 2 scrolls of identify
Potions
 a - a potion of invisibility
 b - 4 potions of curing
 c - 5 potions of heal wounds
 e - 4 potions of magic
 l - 2 potions of brilliance
 m - a potion of mutation


   Skills:
 + Level 5.0 Fighting
 + Level 10.1 Dodging
 + Level 10.6 Stealth
 + Level 15.7 Unarmed Combat
 + Level 11.8 Spellcasting
 + Level 11.0 Transmutations
 + Level 2.5 Ice Magic
 + Level 4.4 Evocations


You had 8 spell levels left.
You knew the following spells:

 Your Spells              Type           Power        Failure   Level
a - Beastly Appendage     Tmut           82%          1%          1
b - Wereblood             Tmut           41%          1%          2
c - Spider Form           Tmut/Pois      12%          2%          3
d - Ice Form              Ice/Tmut       29%          4%          4
e - Blade Hands           Tmut           20%          2%          5
f - Petrify               Tmut/Erth      25%          9%          4
g - Hydra Form            Tmut           20%          14%         6

Your spell library contained the following spells:

 Spells                   Type           Power        Failure   Level
 Sting                    Tmut/Pois      100%         1%          1
 Passwall                 Tmut/Erth      20%          1%          2
 Sandblast                Erth           16%          9%          1
 Frozen Ramparts          Ice            32%          9%          3
 Stone Arrow              Conj/Erth      16%          24%         3
 Alistair's Intoxication  Tmut/Pois      16%          24%         5
 Irradiate                Conj/Tmut      12%          24%         5
 Summon Ice Beast         Ice/Summ       12%          43%         4
 Eringya's Noxious Bog    Tmut/Pois      12%          78%         6
 Lee's Rapid Deconstruct  Erth           4%           92%         5


Dungeon Overview and Level Annotations

Branches:
Dungeon (1/1)

Altars:
Cheibriados
Dithmenos
Elyvilon
Fedhas
Gozag
Hepliaklqana
Kikubaaqudgha
Makhleb
Nemelex Xobeh
Okawaru
Qazlal
Ru
Sif Muna
Trog
Uskayaw
Vehumet
Wu Jian
Xom
Yredelemnul
Zin
The Shining One
Beogh
Jiyva
Lugonu


Innate Abilities, Weirdness & Mutations

You cannot wear most types of armour.
You are very stealthy in the water. (Stealth+)
You are amphibious.
You can wear up to eight rings at the same time.
((You can use your tentacles to constrict eight enemies at once.))
((Your skin changes colour to match your surroundings (Stealth+).))
((Your rubbery body absorbs attacks. (AC +1, EV +1)))


Message History

Your Transmutations skill increases to level 11!
The tyrant leech bites you!!
The tyrant leech draws strength from your injuries!
Found a scroll of immolation.
You closely miss the tyrant leech. The tyrant leech bites you!!
* * * LOW HITPOINT WARNING * * *
The tyrant leech draws strength from your injuries!
Unknown command.
You gouge the tyrant leech!!
The tyrant leech is moderately wounded.
You nip at the tyrant leech but do no damage.
The tyrant leech is moderately wounded.
The tyrant leech bites you.
* * * LOW HITPOINT WARNING * * *
The tyrant leech draws strength from your injuries!
Unknown command.
You gouge the tyrant leech!!
The tyrant leech is almost dead.
The tyrant leech bites you!!
You die...

▓▓▓▓▓▓▓▓▓▓▓▓▓▓▓▓▓▓▓▓▓▓▓▓▓▓▓▓▓▓▓▓▓
_____________'..).[[[..').(...'(.
▓▓▓▓▓▓▓▓▓▓▓▓▓▓▓▓▓▓▓▓▓▓▓▓▓▓▓▓▓▓▓▓▓
.................................
▓▓▓▓▓▓▓▓▓▓▓▓▓▓▓▓▓▓▓▓▓▓▓▓▓▓▓▓▓▓▓▓▓
...'.........'.:Dww...[?
▓▓▓▓▓▓▓▓▓▓▓▓▓▓▓▓▓▓▓▓▓▓▓▓


You could see a tyrant leech and a worm.

Vanquished Creatures
  2 hydras (D)
  A centaur warrior (D)
  A tengu warrior (D)
  2 lindwurms (D)
  A cyclops (D)
  An elephant (D)
  3 black mambas (D)
  3 cane toads (D)
  A komodo dragon (D)
  A tyrant leech (D)
  A wyvern (D)
  2 yaks (D)
  2 basilisks (D)
  3 water moccasins (D)
  An orc warrior (D)
  An ogre (D)
  A sky beast (D)
  A centaur (D)
  2 bullfrogs (D)
  A killer bee (D)
  A wight (D)
  A howler monkey (D)
  An adder (D)
  A white imp (D)
  3 worms (D)
  An orc (D)
  A bat (D)
  A giant cockroach (D)
  A goblin (D)
  A jackal (D)
  A frilled lizard (D)
  2 rats (D)
46 creatures vanquished.

Notes
Turn   | Place    | Note
-------+----------+-------------------------------------------
     0 | D        | mhtbhm the Octopode Transmuter began the quest for the Orb.
     0 | D        | Reached XP level 1. HP: 13/13 MP: 3/3
   253 | D        | Noticed an ogre
   253 | D        | Noticed a howler monkey
   253 | D        | Noticed a centaur
   257 | D        | Killed an ogre
   258 | D        | Reached skill level 1 in Stealth
   258 | D        | Reached skill level 6 in Unarmed Combat
   258 | D        | Reached XP level 2. HP: 18/18 MP: 2/6
   258 | D        | Reached XP level 3. HP: 23/23 MP: 2/8
   258 | D        | Reached XP level 4. HP: 28/28 MP: 2/9
   260 | D        | Reached skill level 7 in Unarmed Combat
   260 | D        | Reached XP level 5. HP: 33/33 MP: 2/10
   264 | D        | Killed a centaur
   265 | D        | Reached skill level 8 in Unarmed Combat
   265 | D        | Reached skill level 5 in Transmutations
   268 | D        | Found a roughly hewn altar of Beogh.
   268 | D        | Found a snail-covered altar of Cheibriados.
   268 | D        | Found a shadowy altar of Dithmenos.
   268 | D        | Found a white marble altar of Elyvilon.
   268 | D        | Found a blossoming altar of Fedhas.
   268 | D        | Found an opulent altar of Gozag.
   269 | D        | Found a hazy altar of Hepliaklqana.
   272 | D        | Found a viscous altar of Jiyva.
   292 | D        | Found an ancient bone altar of Kikubaaqudgha.
   293 | D        | Found a corrupted altar of Lugonu.
   294 | D        | Found a burning altar of Makhleb.
   295 | D        | Found a sparkling altar of Nemelex Xobeh.
   296 | D        | Found an iron altar of Okawaru.
   297 | D        | Found a stormy altar of Qazlal.
   298 | D        | Found a sacrificial altar of Ru.
   299 | D        | Found a shimmering blue altar of Sif Muna.
   300 | D        | Found a bloodstained altar of Trog.
   301 | D        | Found a hide-covered altar of Uskayaw.
   302 | D        | Found a radiant altar of Vehumet.
   303 | D        | Found an ornate altar of the Wu Jian Council.
   308 | D        | Found a shimmering altar of Xom.
   309 | D        | Found a basalt altar of Yredelemnul.
   310 | D        | Found a glowing silver altar of Zin.
   311 | D        | Became a worshipper of Sif Muna the Loreminder
   312 | D        | Found a glowing golden altar of the Shining One.
   349 | D        | Learned a level 2 spell: Wereblood
   353 | D        | Learned a level 3 spell: Spider Form
   358 | D        | Learned a level 4 spell: Ice Form
   505 | D        | Noticed an orc warrior
   505 | D        | Noticed a water moccasin
   511 | D        | Reached XP level 6. HP: 38/38 MP: 5/13
   514 | D        | Reached * piety under Sif Muna
   515 | D        | Reached skill level 5 in Dodging
   515 | D        | Reached skill level 9 in Unarmed Combat
   515 | D        | Reached skill level 5 in Spellcasting
   518 | D        | Killed an orc warrior
   520 | D        | Killed a water moccasin
   521 | D        | Reached skill level 10 in Unarmed Combat
   521 | D        | Reached XP level 7. HP: 33/44 MP: 6/15
   526 | D        | Reached ** piety under Sif Muna
   840 | D        | Learned a level 5 spell: Blade Hands
   879 | D        | Noticed a centaur warrior
   879 | D        | Noticed a tengu warrior
   879 | D        | Noticed a komodo dragon
   879 | D        | Noticed a cyclops
   886 | D        | Killed a centaur warrior
   887 | D        | Reached skill level 11 in Unarmed Combat
   887 | D        | Reached skill level 1 in Ice Magic
   887 | D        | Reached XP level 8. HP: 25/50 MP: 10/19
   894 | D        | Reached skill level 12 in Unarmed Combat
   896 | D        | HP: 2/51 [tengu warrior/+0 dire flail (19)]
   899 | D        | Killed a tengu warrior
   899 | D        | Reached *** piety under Sif Muna
   900 | D        | Reached XP level 9. HP: 22/55 MP: 12/21
   900 | D        | Killed a komodo dragon
   901 | D        | Reached skill level 13 in Unarmed Combat
   901 | D        | Reached skill level 1 in Evocations
   904 | D        | Killed a cyclops
  1300 | D        | Noticed a black mamba
  1300 | D        | Noticed a cane toad
  1306 | D        | Noticed a black mamba
  1569 | D        | Reached **** piety under Sif Muna
  1574 | D        | Killed a black mamba
  1578 | D        | Reached XP level 10. HP: 47/63 MP: 17/23
  1583 | D        | Killed a cane toad
  1584 | D        | Reached skill level 14 in Unarmed Combat
  1584 | D        | Reached skill level 10 in Spellcasting
  1597 | D        | Reached ***** piety under Sif Muna
  1597 | D        | Received a gift from Sif Muna
  1600 | D        | Killed a black mamba
  2059 | D        | Learned a level 4 spell: Petrify
  2092 | D        | Noticed a black mamba
  2092 | D        | Noticed an eight-headed hydra
  2092 | D        | Noticed a five-headed hydra
  2092 | D        | Noticed an elephant
  2093 | D        | Noticed a cane toad
  2095 | D        | Killed a black mamba
  2096 | D        | Reached skill level 10 in Stealth
  2795 | D        | Killed a ten-headed hydra
  2796 | D        | Reached skill level 10 in Transmutations
  2804 | D        | HP: 2/75 [five-headed hydra (17)]
  2807 | D        | Killed a five-headed hydra
  2808 | D        | Reached skill level 15 in Unarmed Combat
  3140 | D        | Killed an elephant
  3148 | D        | Killed a cane toad
  3149 | D        | Reached XP level 11. HP: 32/70 MP: 22/26
  3352 | D        | Identified Sif Muna's Incunabulum of the Locust (Sif Muna
                  | gifted it to you in the Dungeon)
  3352 | D        | Received a gift from Sif Muna
  3544 | D        | Learned a level 6 spell: Hydra Form
  3544 | D        | Noticed a lindwurm
  3544 | D        | Noticed a lindwurm
  3565 | D        | Killed a lindwurm
  3565 | D        | Identified Sif Muna's Incunabulum of Malediction (Sif Muna
                  | gifted it to you in the Dungeon)
  3565 | D        | Received a gift from Sif Muna
  3566 | D        | Reached skill level 10 in Dodging
  3569 | D        | Killed a lindwurm
  3570 | D        | Reached skill level 5 in Fighting
  3574 | D        | Demolished by a tyrant leech

Illustrated notes

Levels and vault maps discovered:
D:        linesprint [early_d, line_temple, items_1, d_10, items_2, lair_1,
          lair_end, items_3, orc_1, orc_end, items_4, d_15, swamp_1, shoals_1,
          snake_1, spider_1, d_20, vaults_1, items_5, swamp_end, shoals_end,
          snake_end, spider_end, vaults_end, d_27, items_6, zot_1, zot_end,
          crypt_end, forest_end, elf_end, slime_end, tomb_end, abyss_end,
          pan_hell_end]

Skill      XL: |  1  2  3  4  5  6  7  8  9 10 11 |
---------------+----------------------------------+-----
Dodging        | 3 4 5 7 8 9 10 | 10.1
Stealth        | 1 2 4 6 7 9 10 | 10.6
Unarmed Combat | 6 7 8 10 11 12 13 15 | 15.7
Spellcasting   | 3 4 5 7 8 9 11 | 11.8
Transmutations | 3 4 5 6 7 8 9 10 11 | 11.0
Fighting       | 2 3 4 5 |  5.0
Ice Magic      | 1 2 |  2.5
Evocations     | 2 4 |  4.4

Action                   |  1- 3 |  4- 6 |  7- 9 | 10-12 || total
-------------------------+-------+-------+-------+-------++-------
Melee: Unarmed           |    10 |    19 |    31 |    62 ||   122
       Kick              |     3 |     1 |       |       ||     4
       Tentacles         |     2 |     1 |     4 |     6 ||    13
       Constrict         |     1 |     1 |     4 |     5 ||    11
       Punch             |       |     1 |     1 |     2 ||     4
 Cast: Beastly Appendage |     2 |       |       |       ||     2
       Wereblood         |       |     1 |     3 |     4 ||     8
       Ice Form          |       |     1 |       |     2 ||     3
       Blade Hands       |       |       |     3 |     3 ||     6
       Hydra Form        |       |       |       |     1 ||     1
Evoke: Wand              |       |       |     4 |     5 ||     9
  Use: Potion            |     1 |       |     3 |     1 ||     5
       Scroll            |       |       |     1 |     2 ||     3
 Stab: Sleeping          |     1 |       |     1 |       ||     2
       Distracted        |       |       |     1 |       ||     1
Armor: Skin              |     1 |     2 |     2 |     5 ||    10
Dodge: Dodged            |     3 |     7 |    24 |    47 ||    81

Table legend: (Time is in decaauts)
 A = Elapsed time spent in this place.
 B = Non-inter-level travel time spent in this place.
 C = Inter-level travel time spent in this place.
 D = Time resting spent in this place.
 E = Time spent auto-exploring this place.
 F = Levels seen in this place.
 G = Mean time per level.
                   A        B        C        D        E       F      G
               +--------+--------+--------+--------+--------+-----+--------+
         Total |   3535 |   3535 |      0 |   2996 |    124 |   1 | 3535.0 |
       Dungeon |   3535 |   3535 |      0 |   2996 |    124 |   1 | 3535.0 |
               +--------+--------+--------+--------+--------+-----+--------+

Top non-repeatable levels by time:
       D: 3535 daAuts
